 Dungeon Crawl Stone Soup version 0.31-a0-233-g139696dc86 (webtiles) character file.

Game seed: 16597770540639524542

228 ketsa the Ruffian (level 5, -10/46 HPs)
             Began as a Troll Artificer on July 8, 2023.
             Mangled by an ogre
             ... wielding a +0 giant club
              (29 damage)
             ... on level 4 of the Dungeon.
             The game lasted 00:06:43 (2734 turns).

ketsa the Ruffian (Troll Artificer)                 Turns: 2734, Time: 00:06:43

Health: -10/46     AC:  8    Str: 22    XL:     5   Next: 71%
Magic:  4/4        EV: 10    Int:  7    God:
Gold:   192        SH:  0    Dex: 10    Spells: 4/4 levels left

rFire   . .          .
                       - Unarmed
rCold   . . .        (no shield)
rNeg    . . .        b - +0 robe
rPois   .            (helmet restricted)
rElec   .            (no cloak)
rCorr   .            (gloves unavailable)
SInv    .            (boots unavailable)
Will    .....        (no amulet)
Stlth   +            v - +4 ring of protection
HPRegen 1.07/turn    (no ring)
MPRegen 0.09/turn

%: no passive effects
@: no status effects
A: large, unfitting armour, claws 3, regeneration 1, shaggy fur 1, tough skin 1
a: no special abilities


You were on level 4 of the Dungeon.
You visited 1 branch of the dungeon, and saw 4 of its levels.

You collected 192 gold pieces.

Inventory:

Armour
 a - a scarf of invisibility
 b - a +0 robe (worn)
 p - a +0 leather armour
 u - a +0 buckler
Jewellery
 v - a +4 ring of protection (left claw)
Wands
 c - a wand of flame (15) (quivered)
 d - a wand of charming (23)
 e - a wand of iceblast (5)
Scrolls
 g - a scroll of poison
 h - 4 scrolls of identify {unknown}
 j - a scroll of amnesia {unknown}
 o - a scroll of immolation {unknown}
Potions
 f - 2 potions of ambrosia {unknown}
 i - 2 potions of brilliance {unknown}
 k - 2 potions of invisibility {unknown}
 l - a potion of resistance {unknown}
 m - 2 potions of curing {unknown}
 n - 2 potions of magic {unknown}
 q - a potion of degeneration {unknown}
 r - a potion of mutation {unknown}
 s - a potion of enlightenment {unknown}
 t - 2 potions of attraction {unknown}
 w - a potion of heal wounds {unknown}


   Skills:
 - Level 0.8 Fighting
 - Level 1.9 Dodging
 - Level 0.4 Stealth
 * Level 4.4 Unarmed Combat
 + Level 3.3 Evocations


You had 4 spell levels left.
You didn't know any spells.
Your spell library was empty.

Dungeon Overview and Level Annotations

Branches:
Dungeon (4/15)
 Temple: D:4-7

Altars:
Dithmenos
Gozag

Shops:
D:1 [


Innate Abilities, Weirdness & Mutations

You are too large for most types of armour.
You have claws for hands.
Your natural rate of healing is unusually fast.
You are covered in fur. (AC +1)
You have tough skin. (AC +1)


Message History

Deactivating autopickup; reactivate with Ctrl-A.
An ogre is nearby!
You are confused.
You're too confused to move!
You are too confused!
You feel less confused.
An ogre is nearby!
A magic dart appears from out of thin air!
The magic dart hits you.
Aiming: Charm
Press: ? - help, Shift-Dir - straight line, f - ogre
Aim: an ogre, wielding a +0 giant club (chance to affect: 57%)
The ogre resists with significant effort.
You scratch the ogre.
The ogre is lightly wounded.
Something tries to affect you, but you resist.
The ogre closely misses you.
You scratch the ogre.
The ogre is lightly wounded.
You scratch the ogre.
The ogre is moderately wounded.
The ogre closely misses you.
You completely miss the ogre.
The ogre is moderately wounded.
The ogre hits you with a +0 giant club!!
Ouch! That really hurt!
You scratch the ogre.
The ogre is heavily wounded.
An orc wizard appears from thin air!
Reactivating autopickup.
You claw the ogre!
The ogre is almost dead.
The ogre hits you with a +0 giant club.
You barely miss the ogre.
The ogre is almost dead.
You barely miss the ogre.
The ogre is almost dead.
The ogre hits you with a +0 giant club!!
Ouch! That really hurt!
You die...

##...#...##.....#.#.#...###
#...##...##.........##...#.
##...##...##...........##...
#.{.###...##...........#####
##...# #...##...........# #
##...## ###......).......# #
##...## #.......##'##### #
##...## ###..O...###.#########
##...## #...o@...# #).........
#...## #........####...###.#.
#...# #...........+.........
...## ###......####...###.## ...#
#......# #........# ..##
#......###........# ..#
###.......##........##
..##########..........+........##
.###........###.....###........##


You could see an ogre and an orc wizard.

Vanquished Creatures
  A hound (D:4)
  2 iguanas (D:4)
  An orc wizard (D:4)
  4 adders
  3 worms
  13 orcs
  7 ball pythons
  7 endoplasms
  A giant cockroach (D:2)
  6 hobgoblins
  2 quokkas
  A bat (D:2)
  4 frilled lizards
  4 goblins
  6 kobolds
  4 rats
66 creatures vanquished.

Notes
Turn   | Place    | Note
-------+----------+-------------------------------------------
     0 | D:1      | ketsa the Troll Artificer began the quest for the Orb.
     0 | D:1      | Reached XP level 1. HP: 18/18 MP: 0/0
   192 | D:1      | Found Gelorch's Armour Emporium.
   292 | D:1      | Reached skill level 1 in Unarmed Combat
   312 | D:1      | Reached XP level 2. HP: 26/26 MP: 1/1
   921 | D:2      | Reached skill level 2 in Unarmed Combat
   951 | D:2      | Reached XP level 3. HP: 32/32 MP: 2/2
  1621 | D:3      | Reached XP level 4. HP: 40/40 MP: 3/3
  2168 | D:3      | Reached skill level 3 in Unarmed Combat
  2533 | D:4      | Found a shadowy altar of Dithmenos.
  2551 | D:4      | Reached XP level 5. HP: 23/46 MP: 4/4
  2554 | D:4      | Reached skill level 4 in Unarmed Combat
  2598 | D:4      | Found an opulent altar of Gozag.
  2688 | D:4      | Noticed an ogre
  2734 | D:4      | Mangled by an ogre

Illustrated notes

Levels and vault maps discovered:
D:1:      sevenhm_arrival_forest_fort_large_3, layout_basic, serial_shops,
          nicolae_shop_tiny_glass, chequers_serial_rivers_micro_b,
          minmay_misc_feat_rows
D:2:      layout_basic
D:3:      minmay_angry_zag, layout_loops_corners, serial_bayou_pond_c
D:4:      layout_basic, jmf_multi_god_temple, zin_scriptorium, serial_curves,
          eino_curves_01, eino_curves_04, eino_curves_04, minmay_misc_feat_iff,
          minmay_between

Skill      XL: |  1  2  3  4  5 |
---------------+----------------+-----
Unarmed Combat | 1 2 3 4 |  4.4
Evocations     | 3 |  3.3
Fighting       | |  0.8
Dodging        | |  1.9
Stealth        | |  0.4

Action                     |  1- 3 |  4- 6 || total
---------------------------+-------+-------++-------
  Melee: Club              |    11 |       ||    11
         Unarmed           |    77 |   103 ||   180
         Punch             |     1 |     1 ||     2
  Evoke: Wand              |       |     1 ||     1
    Use: Scroll            |     1 |       ||     1
 Armour: Robe              |    33 |    25 ||    58
  Dodge: Dodged            |    49 |    42 ||    91

Table legend: (Time is in decaauts)
 A = Elapsed time spent in this place.
 B = Non-inter-level travel time spent in this place.
 C = Inter-level travel time spent in this place.
 D = Time resting spent in this place.
 E = Time spent auto-exploring this place.
 F = Levels seen in this place.
 G = Mean time per level.
                   A        B        C        D        E       F      G
               +--------+--------+--------+--------+--------+-----+--------+
         Total |   2726 |   2590 |    136 |     14 |   1800 |   4 |  681.5 |
       Dungeon |   2726 |   2590 |    136 |     14 |   1800 |   4 |  681.5 |
               +--------+--------+--------+--------+--------+-----+--------+

Top non-repeatable levels by time:
     D:3: 1004 daAuts
     D:1: 865 daAuts
     D:2: 512 daAuts
     D:4: 344 daAuts
